 Dungeon Crawl Stone Soup version 0.30-a0-305-g026cb31310 (webtiles) character file.

Game seed: 17921627395069427123

13794 Pooter the Cleaver (level 11, -19/101 HPs)
             Began as a Minotaur Berserker on Oct 23, 2022.
             Was an Elder of Trog.
             Demolished by a freezing wraith (25 damage)
             ... on level 2 of the Abyss.
             The game lasted 00:56:20 (10926 turns).

Pooter the Cleaver (Minotaur Berserker)            Turns: 10926, Time: 00:56:21

Health: -19/101    AC: 10    Str: 21    XL:     11   Next: 80%
Magic:  7/7        EV: 10    Int: -2 (0) God:    Trog [****..]
Gold:   145        SH:  0    Dex: 13    Spells: 10/10 levels left

rFire   . . .      SeeInvis .    a - +4 battleaxe (vamp)
rCold   . . .      Faith    .    (shield currently unavailable)
rNeg    . . .      Spirit   .    I - +3 plate armour
rPois   .          Reflect  .    (helmet restricted)
rElec   .          Harm     +    L - scarf {harm}
rCorr   .          Rampage  .    h - +0 pair of gloves
Will    .....                    (no boots)
Stlth   ..........               (no amulet)
HPRegen 0.36/turn                s - +6 ring of dexterity
MPRegen 0.10/turn                z - +4 ring of evasion

@: on berserk cooldown, slowed, lost intelligence, unable to read, unable to
drink, very slow
A: horns 2, retaliatory headbutt, [clumsy 2], [deformed body], [deterioration
2], [dopey 2], [low MP 2], [screaming 2], [weak 2], [subdued magic 2],
[inability to drink after injury 2]
a: Renounce Religion, Berserk, Trog's Hand, Brothers in Arms


You were on level 2 of the Abyss.
You worshipped Trog.
Trog was greatly pleased with you.
You visited 1 branch of the dungeon, and saw 10 of its levels.
You visited the Abyss 1 time.
You also visited: Sewer and Ossuary.

You collected 641 gold pieces.
You spent 496 gold pieces at shops.

Inventory:

Hand Weapons
 a - a +4 vampiric battleaxe (weapon)
   (You bought it in a shop on level 2 of the Dungeon)
 b - a +2 arbalest of flaming
   (You bought it in a shop on level 1 of the Dungeon)
 k - a +1 war axe of flaming
   (You took it off an orc on level 7 of the Dungeon)
 w - a +5 halberd
   (You took it off a wight on level 8 of the Dungeon)
 H - a +5 morningstar of freezing
   (You took it off a wight on level 8 of the Dungeon)
 N - a +3 broad axe
   (You found it on level 6 of the Dungeon)
 O - a +0 battleaxe
   (You took it off a wight on level 8 of the Dungeon)
Missiles
 x - 4 boomerangs
 G - 43 poisoned darts (quivered)
 M - a throwing net {!f}
 P - 6 javelins
 Q - 92 stones
Armour
 h - a +0 pair of gloves (worn)
   (You found it on level 1 of the Dungeon)
 I - a +3 plate armour (worn)
   (You found it on level 6 of the Dungeon)
 L - a scarf of harm (worn)
   (You found it on level 8 of the Dungeon)
Jewellery
 s - a +6 ring of dexterity (left hand)
   (You found it on level 1 of the Dungeon)
 z - a +4 ring of evasion (right hand)
   (You found it on level 4 of the Dungeon)
 C - a ring of resist corrosion
   (You took it off a kobold on level 4 of the Dungeon)
 E - an amulet of the acrobat
   (You took it off an orc wizard on level 5 of the Dungeon)
Wands
 f - a wand of flame (56)
   (You found it in a sewer)
 D - a wand of charming (6)
   (You found it on level 7 of the Dungeon)
 F - a wand of light (3)
   (You found it on level 10 of the Dungeon)
Scrolls
 c - a scroll of noise {!r}
 i - a scroll of fear {unknown}
 q - 6 scrolls of vulnerability {!r}
 r - 2 scrolls of blinking
 t - 7 scrolls of teleportation {@r4}
 u - a scroll of immolation {!r}
 v - a scroll of fog
 y - a scroll of poison {!r}
 K - 2 scrolls of magic mapping
Potions
 d - a potion of mutation {!q}
 e - 3 potions of flight
 g - 2 potions of ambrosia {unknown}
 j - a potion of cancellation {unknown}
 l - 7 potions of haste {@q3}
 m - 2 potions of invisibility {unknown}
 n - 2 potions of magic {unknown}
 o - 2 potions of might {unknown}
 p - 3 potions of attraction {!q}
 A - 7 potions of curing {@q1}
 B - a potion of heal wounds {@q2}
 J - a potion of lignification {unknown}


   Skills:
 + Level 10.8 Fighting
 * Level 14.6 Axes
 * Level 11.4 Ranged Weapons
 - Level 2.4 Armour
 - Level 2.1 Dodging
 + Level 5.9 Evocations


You had 10 spell levels left.
You didn't know any spells.
Your spell library was empty.

Dungeon Overview and Level Annotations

Branches:
Dungeon (10/15)            Temple (0/1) D:6            Lair (0/5) D:10
  Sewer (visited)         Ossuary (visited)
    Orc: D:9-12

Altars:
Dithmenos
Gozag
Kikubaaqudgha
Okawaru
Qazlal
Ru
Sif Muna
Yredelemnul

Shops:
D:1 *   D:2 (((

Annotations:
D:6 3 runed translucent doors, brouguemayhem's ghost, novice GnRe
D:10 Sonja


Innate Abilities, Weirdness & Mutations

You have a pair of horns on your head.
You reflexively headbutt those who attack you in melee.
[You are very clumsy. (Dex -4)]
[Armour fits poorly on your strangely shaped body.]
[Your body often deteriorates upon taking damage.]
[You are very dopey. (Int -4)]
[Your magical capacity is very low. (-20% MP)]
[You frequently scream uncontrollably at your foes.]
[You are very weak. (Str -4)]
[Your spells are easier to cast, but less powerful.]
[You sometimes lose the ability to drink potions when taking damage.]


Message History

Trog accepts your kill.
Throw: 4 boomerangs
Aim: a freezing wraith (63% to hit)
You throw a boomerang. The boomerang hits the freezing wraith.
You can drink potions again.
You start resting.
A freezing wraith is nearby!
You slash the freezing wraith!
The freezing wraith hits you but does no damage. x2
You completely miss the freezing wraith.
You feel the effects of Trog's Hand fading.
The freezing wraith misses you. The freezing wraith hits you.
The freezing wraith drains your vigour!
You feel as though you will be slow longer.
The freezing wraith hits you. The freezing wraith freezes you!
You feel threatened and lose the ability to drink potions!
* * * LOW HITPOINT WARNING * * *
Your body deteriorates!
You feel dopey.
The freezing wraith hits you but does no damage.
You hit the freezing wraith.
You headbutt the freezing wraith, but do no damage.
The freezing wraith hits you but does no damage.
The freezing wraith hits you!
* * * LOW HITPOINT WARNING * * *
The freezing wraith drains your vigour!
You feel as though you will be slow longer.
Unknown command.
You closely miss the freezing wraith.
The freezing wraith barely misses you. x2
The freezing wraith closely misses you.
The freezing wraith hits you but does no damage.
You slash the freezing wraith!
Your headbutt misses the freezing wraith.
The freezing wraith hits you but does no damage. x2
You hit the freezing wraith but do no damage.
Your headbutt misses the freezing wraith.
Your skin stops crawling.
You feel less strong-willed. The freezing wraith hits you.
* * * LOW HITPOINT WARNING * * *
The freezing wraith freezes you!
* * * LOW HITPOINT WARNING * * *
The freezing wraith closely misses you. x2; You furiously retaliate!
You headbutt the freezing wraith! The freezing wraith hits you!
* * * LOW HITPOINT WARNING * * *
Your body deteriorates!
You feel dopey. The freezing wraith drains your vigour!
You feel as though you will be slow longer.
You closely miss the freezing wraith. The freezing wraith hits you.
* * * LOW HITPOINT WARNING * * *
The freezing wraith freezes you!!
You die...

#####
#.@W#
####.# .
# ## #..#
#
#...○.##.
# #. #..
# .###..#
> ..# #†#
..#☼.


You could see a freezing wraith.

Vanquished Creatures
  A two-headed ogre (D:9)
  A wretched star (Abyss:2)
  An obsidian statue (D:10)
  Pikel (D:7)
  A worldbinder (Abyss:2)
  A manticore (D:8)
  An unseen horror (D:8)
  A kobold demonologist (D:10)
  A troll (D:10)
  4 blink frogs (Abyss:2)
  7 raiju (Abyss:2)
  A small abomination (Abyss:2)
  3 wyverns
  A shadow (D:10)
  A fire elemental (Abyss:2)
  15 yaks
  A wraith (D:9)
  Menkaure (Ossuary)
  2 wargs (D:10)
  A large abomination (Abyss:2)
  Duvessa (D:7)
  A water moccasin (D:7)
  3 orc warriors
  A sky beast (D:8)
  2 black bears
  4 ogres
  2 ice beasts
  A phantom (D:7)
  5 kobold brigands
  2 necrophages
  6 bullfrogs
  A scorpion (D:5)
  2 troll zombies (Ossuary)
  4 wights (D:8)
  Dowan (D:7)
  15 killer bees
  3 howler monkeys (D:9)
  A human zombie (Ossuary)
  A centaur zombie (Ossuary)
  3 jellies
  4 hounds
  A gnoll bouda (D:7)
  7 orc priests
  2 iguanas
  12 orc wizards
  2 ogre zombies (Ossuary)
  6 mummies (Ossuary)
  Robin (D:2)
  11 gnolls
  7 adders
  4 river rats
  A shadow imp (D:5)
  A white imp (Abyss:2)
  An ufetubus (D:5)
  5 adder zombies (Ossuary)
  3 worms
  A dart slug (D:2)
  25 orcs
  12 ball pythons
  6 endoplasms
  4 giant cockroaches
  13 goblins
  16 hobgoblins
  8 jackals
  29 kobolds
  8 quokkas
  A bat (D:1)
  2 frilled lizards (D:2)
  4 goblin zombies (Ossuary)
  4 hobgoblin zombies (Ossuary)
  6 kobold zombies (Ossuary)
  3 quokka zombies (Ossuary)
  28 rats
  2 rat zombies (Ossuary)
345 creatures vanquished.

Vanquished Creatures (collateral kills)
  A centaur (D:8)
1 creature vanquished.

Vanquished Creatures (others)
  An unseen horror (D:8)
1 creature vanquished.

Grand Total: 347 creatures vanquished

Notes
Turn   | Place    | Note
-------+----------+-------------------------------------------
     0 | D:1      | Pooter the Minotaur Berserker began the quest for the Orb.
     0 | D:1      | Reached XP level 1. HP: 19/19 MP: 0/0
    67 | D:1      | Found Zuusoimu's General Store.
   120 | D:1      | Reached skill level 4 in Axes
   147 | D:1      | Reached XP level 2. HP: 27/27 MP: 1/1
   676 | D:2      | Reached XP level 3. HP: 33/33 MP: 2/2
   678 | D:2      | Found a shadowy altar of Dithmenos.
   693 | D:2      | Reached skill level 5 in Axes
   767 | D:2      | Found Yvirebom's Antique Weapon Emporium.
   797 | D:2      | Reached ** piety under Trog
   829 | D:2      | Noticed Robin
   833 | D:2      | Reached XP level 4. HP: 41/41 MP: 3/3
   838 | D:2      | Killed Robin
   971 | D:2      | Found Vuoffao's Antique Weapon Emporium.
  1246 | D:2      | Found Gieph's Antique Weapon Shop.
  1619 | D:3      | You fall into a shaft and drop 2 floors!
  1619 | D:5      | Entered Level 5 of the Dungeon
  1747 | D:5      | Reached skill level 6 in Axes
  1760 | D:5      | Found a glowing drain.
  1766 | Sewer    | Entered a sewer
  1783 | Sewer    | Reached XP level 5. HP: 47/47 MP: 4/4
  1789 | Sewer    | Reached skill level 5 in Fighting
  1878 | Sewer    | Reached *** piety under Trog
  2061 | Sewer    | Reached skill level 7 in Axes
  2061 | Sewer    | Reached XP level 6. HP: 56/57 MP: 5/5
  2230 | D:5      | Reached skill level 8 in Axes
  2315 | D:4      | Reached XP level 7. HP: 63/63 MP: 6/6
  2388 | D:3      | Found a stormy altar of Qazlal.
  2477 | D:1      | Bought a +1 arbalest of flaming for 181 gold pieces
  2740 | D:1      | Bought a scroll of identify for 24 gold pieces
  3193 | D:4      | Reached skill level 1 in Ranged Weapons
  3262 | D:4      | Reached skill level 9 in Axes
  3590 | D:4      | Reached XP level 8. HP: 71/71 MP: 7/7
  3842 | D:5      | Found a basalt altar of Yredelemnul.
  4330 | D:6      | Reached **** piety under Trog
  4344 | D:6      | Found a runed translucent gate.
  4344 | D:6      | Found a runed translucent gate.
  4344 | D:6      | Found a runed translucent gate.
  4344 | D:6      | Found an opulent altar of Gozag.
  4461 | D:2      | Bought a war axe for 63 gold pieces
  4729 | D:6      | Found a staircase to the Ecumenical Temple.
  4894 | D:6      | Reached skill level 10 in Axes
  5001 | D:6      | Reached skill level 1 in Evocations
  5083 | D:6      | Noticed brouguemayhem's ghost (novice GnRe)
  5083 | D:6      | Noticed a hornet
  5141 | D:6      | Reached skill level 5 in Ranged Weapons
  5451 | D:7      | Found a sand-covered staircase.
  5465 | Ossuary  | Entered an ossuary
  5776 | Ossuary  | Noticed Menkaure
  5796 | Ossuary  | Killed Menkaure
  5797 | Ossuary  | Reached XP level 9. HP: 41/81 MP: 8/8
  6483 | D:7      | Reached skill level 11 in Axes
  6841 | D:7      | Noticed Duvessa
  6841 | D:7      | Noticed Dowan
  6844 | D:7      | Killed Duvessa
  6849 | D:7      | Killed Dowan
  6976 | D:7      | Noticed Pikel
  6978 | D:7      | Killed Pikel
  6978 | D:7      | Reached ***** piety under Trog
  6981 | D:7      | Found a shadowy altar of Dithmenos.
  7020 | D:7      | Found an ancient bone altar of Kikubaaqudgha.
  7619 | D:8      | Reached skill level 12 in Axes
  7619 | D:8      | Reached XP level 10. HP: 90/90 MP: 9/9
  7898 | D:8      | Noticed a manticore
  7918 | D:8      | Killed a manticore
  8115 | D:8      | Reached skill level 13 in Axes
  8630 | D:9      | Noticed a two-headed ogre
  8637 | D:9      | Killed a two-headed ogre
  9152 | D:2      | Bought a runed battleaxe for 228 gold pieces
  9381 | D:9      | Found a faded altar of an unknown god.
  9381 | D:9      | Found a sacrificial altar of Ru.
  9389 | D:9      | Found a shimmering blue altar of Sif Muna.
  9391 | D:9      | Found an iron altar of Okawaru.
  9393 | D:9      | Found a faded altar of an unknown god.
  9647 | D:9      | Reached XP level 11. HP: 99/99 MP: 10/10
  9951 | D:10     | Entered Level 10 of the Dungeon
  9959 | D:10     | Reached skill level 10 in Fighting
  9959 | D:10     | Reached skill level 10 in Ranged Weapons
  9959 | D:10     | Reached skill level 5 in Evocations
 10036 | D:10     | Noticed an obsidian statue
 10040 | D:10     | Noticed a sixfirhy
 10049 | D:10     | Killed an obsidian statue
 10368 | D:10     | Found a staircase to the Lair.
 10484 | D:10     | Identified the +1 ring mail of the Old and Reckless {rF+
                  | Dex+3 Slay-3}
 10664 | D:10     | Noticed Sonja
 10672 | D:10     | Reached skill level 14 in Axes
 10691 | Abyss:2  | Cast into level 2 of the Abyss (Sonja)
 10845 | Abyss:2  | Noticed a wretched star
 10849 | Abyss:2  | Lost intelligence.
 10855 | Abyss:2  | Gained mutation: [Your magical capacity is extremely low.
                  | (-30% MP)] [potion of mutation]
 10855 | Abyss:2  | Gained mutation: You possess an exceptional clarity of
                  | mind. [potion of mutation]
 10862 | Abyss:2  | Killed a wretched star
 10902 | Abyss:2  | Lost mutation: You possess an exceptional clarity of mind.
                  | [potion of mutation]
 10902 | Abyss:2  | Lost mutation: [Your magical capacity is extremely low.
                  | (-30% MP)] [potion of mutation]
 10926 | Abyss:2  | Demolished by a freezing wraith

Illustrated notes

Levels and vault maps discovered:
D:1:      eino_arrival_water_cross, layout_basic, serial_shops,
          nicolae_shop_window_shopping
D:2:      layout_basic, basic_altar, serial_shops, nicolae_square_shop,
          nicolae_shop_trees, nicolae_square_shop, uniq_robin
D:3:      layout_basic, lemuel_tele_altar
D:4:      layout_basic, minmay_a_box_with_orc_wizards_in_it
D:5:      layout_layer_cave, mainiacjoe_overflow_alcove_4,
          gup_sewer_entry_bubbles, minivault_24, grunt_decor_fettered
D:6:      layout_basic, minmay_temple_entry_butterflies, ebering_ghost_gozag,
          minmay_misc_feat_four_crosses, nrook_campfire
D:7:      layout_basic, mainiacjoe_overflow_boulevard,
          nicolae_dithmenos_the_darkroom, enter_ossuary_1, grunt_ogre_cave,
          uniq_pikel, uniq_duvessa
D:8:      minmay_bloctagon_deflated, layout_loops_corners
D:9:      layout_gridville, chequers_temple_overflow_minitemple
D:10:     layout_grid_maze, erik_lair_orcish_takeover, minivault_16, uniq_sonja
Abyss:2:  base: D:5, hangedman_abyss_exit_choices

Skill      XL: |  1  2  3  4  5  6  7  8  9 10 11 |
---------------+----------------------------------+-----
Axes           | 4 5 6 7 8 9 10 12 13 14 | 14.6
Fighting       | 4 5 6 7 8 9 10 | 10.8
Ranged Weapons | 3 5 7 9 11 | 11.4
Evocations     | 1 3 4 5 |  5.9
Armour         | |  2.4
Dodging        | |  2.1

Action                   |  1- 3 |  4- 6 |  7- 9 | 10-12 || total
-------------------------+-------+-------+-------+-------++-------
Melee: Hand axe          |    51 |   113 |     4 |       ||   168
       Headbutt          |    10 |    14 |    15 |    34 ||    73
       Punch             |       |     1 |     2 |     1 ||     4
       Morningstar       |       |       |    28 |       ||    28
       Broad axe         |       |       |    52 |     4 ||    56
       War axe           |       |       |     2 |       ||     2
       Battleaxe         |       |       |       |   170 ||   170
 Fire: Arbalest          |       |       |   191 |    59 ||   250
Throw: Boomerang         |       |     3 |       |     1 ||     4
       Dart              |       |       |     2 |     3 ||     5
Invok: Berserk           |     1 |     4 |     5 |     4 ||    14
       Trog's Hand       |     1 |     2 |     6 |    11 ||    20
       Brothers in Arms  |       |       |       |     1 ||     1
Evoke: Wand              |       |     3 |     3 |     3 ||     9
  Use: Scroll            |       |     3 |    19 |     6 ||    28
       Potion            |       |       |       |     4 ||     4
 Stab: Sleeping          |       |     1 |       |       ||     1
Armor: Animal skin       |     9 |     4 |       |       ||    13
       Scale mail        |       |    33 |    38 |       ||    71
       Plate armour      |       |       |    57 |   128 ||   185
Dodge: Dodged            |    38 |    85 |   121 |   138 ||   382

Table legend: (Time is in decaauts)
 A = Elapsed time spent in this place.
 B = Non-inter-level travel time spent in this place.
 C = Inter-level travel time spent in this place.
 D = Time resting spent in this place.
 E = Time spent auto-exploring this place.
 F = Levels seen in this place.
 G = Mean time per level.
                   A        B        C        D        E       F      G
               +--------+--------+--------+--------+--------+-----+--------+
         Total |  11394 |  10283 |   1111 |   1549 |   6465 |  13 |  876.5 |
       Dungeon |   9954 |   8843 |   1111 |   1020 |   6087 |  10 |  995.4 |
         Abyss |    282 |    282 |      0 |    160 |      0 |   1 |  282.0 |
         Sewer |    414 |    414 |      0 |    104 |    137 |   1 |  414.0 |
       Ossuary |    742 |    742 |      0 |    263 |    241 |   1 |  742.0 |
               +--------+--------+--------+--------+--------+-----+--------+

Top non-repeatable levels by time:
     D:7: 1424 daAuts
     D:8: 1267 daAuts
     D:5: 1210 daAuts
     D:9: 996 daAuts
     D:6: 983 daAuts
     D:2: 896 daAuts
     D:3: 867 daAuts
     D:1: 796 daAuts
    D:10: 757 daAuts
     D:4: 753 daAuts
 Ossuary: 742 daAuts
   Sewer: 414 daAuts
 Abyss:2: 282 daAuts
